 Dungeon Crawl Stone Soup version 0.28-a0-691-gad6df49e81 (webtiles) character file.

Game seed: 17698832074698454277

37 KoroneIsBestGirl the Covered (level 3, -1/30 HPs)
             Began as a Barachi Fighter on Oct 21, 2021.
             Was a Follower of Vehumet.
             Slain by Grinder (3 damage)
             ... while paralysed by Grinder
             ... on level 3 of the Dungeon.
             The game lasted 00:01:34 (1773 turns).

KoroneIsBestGirl the Covered (Barachi Fighter)      Turns: 1773, Time: 00:01:35

Health: -1/30      AC:  8    Str: 17    XL:     3   Next: 41%
Magic:  3/3        EV:  2    Int:  9    God:    Vehumet [*.....]
Gold:   51         SH:  0    Dex: 11    Spells: 2/2 levels left

rFire   . . .      SeeInvis .   a - +0 long sword
rCold   . . .      Faith    .   c - +0 buckler
rNeg    . . .      Spirit   .   b - +0 scale mail
rPois   .          Reflect  .   e - +0 helmet
rElec   .          Harm     .   (no cloak)
rCorr   .          Rampage  .   (no gloves)
Will    .....                   (no boots)
Stlth   ..........              (no amulet)
HPRegen 0.10/turn               (no ring)
MPRegen 0.08/turn               (no ring)

@: paralysed, mighty, slow
A: amphibious, slowness 1, strong legs 1, +LOS
a: Hop, Renounce Religion


You were on level 3 of the Dungeon.
You worshipped Vehumet.
Vehumet was aware of your devotion.
You visited 1 branch of the dungeon, and saw 3 of its levels.

You collected 51 gold pieces.

Inventory:

Hand Weapons
 a - a +0 long sword (weapon)
Armour
 b - a +0 scale mail (worn)
 c - a +0 buckler (worn)
 e - a +0 helmet (worn)
Scrolls
 f - a scroll of teleportation {unknown}
 h - 5 scrolls of identify {unknown}
 l - a scroll of silence {unknown}
 n - a scroll of amnesia {unknown}
 o - a scroll of noise {unknown}
Potions
 g - a potion of ambrosia {unknown}
 i - a potion of flight {unknown}
 j - a potion of invisibility {unknown}
 k - a potion of attraction {unknown}
 m - a potion of degeneration {unknown}


   Skills:
 + Level 3.9 Fighting
 + Level 3.3 Long Blades
 + Level 4.1 Armour
 + Level 0.4 Dodging
 + Level 3.5 Shields


You had 2 spell levels left.
You didn't know any spells.
Your spell library was empty.

Dungeon Overview and Level Annotations

Branches:
Dungeon (3/15)

Altars:
Vehumet

Annotations:
D:3 Grinder


Innate Abilities, Weirdness & Mutations

You are amphibious.
You cover ground slowly.
You can hop short distances.
You have an extended range of vision and can be seen from far away.


Message History

o - a scroll labelled XAER VUOVO Grinder comes into view.
Grinder shouts!
Grinder gestures at you. You resist with significant effort.
Grinder is nearby!
Grinder blinks!
Grinder hits you!
You writhe in agony.
You hit Grinder but do no damage. Grinder gestures at you.
You resist with significant effort.
You barely miss Grinder. Grinder hits you but does no damage.
You closely miss Grinder. Grinder hits you.
You writhe in agony.
You closely miss Grinder.
Grinder blinks!
A goblin comes into view. It is wielding a +0 dagger.
The goblin shouts!
Found 13 gold pieces.
You feel very mighty all of a sudden.
Grinder blinks!
Grinder blinks!
You slash Grinder!
Grinder is heavily wounded.
Grinder gestures at you.
You barely resist. You barely miss Grinder.
Grinder is heavily wounded.
Grinder blinks!
You barely miss the goblin. The goblin hits you but does no damage.
You hit the goblin.
You kill the goblin!
Vehumet accepts your kill. Grinder gestures at you.
You suddenly lose the ability to move!
Grinder hits you.
You writhe in agony.
Grinder hits you!
* * * LOW HITPOINT WARNING * * *
You writhe in agony.
* * * LOW HITPOINT WARNING * * *
Grinder hits you but does no damage. Grinder hits you.
You die...

# #.....# #.# # ###.###
#.# ......# #.# #######
#.# #.# #.#####.##
#........... #####
#.#####....#
####...#######..@5......$
.....#........#.######.##
#.........###?#.#
#########.# #.#.#
$........ .#.##.....
#.#.......## # #..#.####
#..#.


You could see Grinder.

Vanquished Creatures
  2 endoplasms
  5 goblins
  6 hobgoblins
  A quokka (D:1)
  5 ball pythons
  5 bats
  2 frilled lizards
  5 kobolds
  5 rats
36 creatures vanquished.

Notes
Turn   | Place    | Note
-------+----------+-------------------------------------------
     0 | D:1      | KoroneIsBestGirl the Barachi Fighter began the quest for
                  | the Orb.
     0 | D:1      | Reached XP level 1. HP: 18/18 MP: 1/1
   449 | D:1      | Reached XP level 2. HP: 24/25 MP: 2/2
   630 | D:1      | Reached skill level 4 in Armour
   982 | D:1      | Reached XP level 3. HP: 30/30 MP: 3/3
  1096 | D:1      | Found a faded altar of an unknown god.
  1101 | D:1      | Prayed at the altar of an unknown god.
  1101 | D:1      | Became a worshipper of Vehumet
  1101 | D:1      | Reached * piety under Vehumet
  1101 | D:1      | Offered knowledge of Shock by Vehumet.
  1754 | D:3      | Noticed Grinder
  1769 | D:3      | Paralysed by Grinder for 5 turns
  1773 | D:3      | Slain by Grinder

Illustrated notes

Levels and vault maps discovered:
D:1:      dpeg_arrival_long_road, layout_loops_cross,
          shapermc_ecumenical_altar_hornbeckon, serial_park_tiny_1
D:2:      layout_basic, kennysheep_generic_room_15
D:3:      layout_loops_ring, slow_altar_1, st_stairs_4, uniq_grinder,
          uniq_terence

Skill      XL: |  1  2 |
---------------+-------+-----
Armour         | 4 |  4.1
Long Blades    | 3 |  3.3
Fighting       | |  3.9
Dodging        | |  0.4
Shields        | |  3.5

Action                   || total
-------------------------++-------
Melee: Long sword        ||   124
 Abil: Hop               ||     1
  Use: Potion            ||     1
Armor: Scale mail        ||    73
Dodge: Dodged            ||    54
Block: Buckler           ||    30

Table legend: (Time is in decaauts)
 A = Elapsed time spent in this place.
 B = Non-inter-level travel time spent in this place.
 C = Inter-level travel time spent in this place.
 D = Time resting spent in this place.
 E = Time spent auto-exploring this place.
 F = Levels seen in this place.
 G = Mean time per level.
                   A        B        C        D        E       F      G
               +--------+--------+--------+--------+--------+-----+--------+
         Total |   1985 |   1917 |     68 |    274 |   1337 |   3 |  661.7 |
       Dungeon |   1985 |   1917 |     68 |    274 |   1337 |   3 |  661.7 |
               +--------+--------+--------+--------+--------+-----+--------+

Top non-repeatable levels by time:
     D:1: 1291 daAuts
     D:3: 475 daAuts
     D:2: 218 daAuts
